 Dungeon Crawl Stone Soup version 0.22.1-2-g9c5b331383 (webtiles) character file.

399 Knicklaso the Magician (level 6, -1/39 HPs)
             Began as an Octopode Wizard on Nov 26, 2018.
             Slain by Natasha (6 damage)
             ... on level 4 of the Dungeon.
             The game lasted 00:15:38 (5306 turns).

Knicklaso the Magician (Octopode Wizard)            Turns: 5306, Time: 00:15:39

Health: -1/39      AC:  1    Str:  7    XL:     6   Next: 84%
Magic:  3/11       EV: 14    Int: 22    God:
Gold:   142        SH:  0    Dex: 10    Spells: 6/12 levels left

rFire    . . .     SeeInvis .   p - +1 spear (pain)
rCold    . . .     Gourm    .   (no shield)
rNeg     . . .     Faith    .   a - +0 hat
rPois    .         Spirit   .   (no amulet)
rElec    .         Reflect  .   f - ring of resist corrosion
rCorr    +         Harm     .   j - ring of stealth
MR       .....                  (no ring)
Stlth    ++++......             (no ring)
HPRegen  0.13/turn              (no ring)
MPRegen  0.12/turn              (no ring)
                                (no ring)
                                (no ring)

@: no status effects
A: almost no armour, stealthy swim, amphibious, 8 rings, constrict 8, camouflage
1, gelatinous body 1
a: no special abilities


You were on level 4 of the Dungeon.
You were hungry.

You visited 1 branch of the dungeon, and saw 4 of its levels.

You collected 142 gold pieces.

Inventory:

Hand Weapons
 p - a +1 spear of pain (weapon)
Armour
 a - a +0 hat (worn)
Jewellery
 f - a ring of resist corrosion (left tentacle)
 j - a ring of stealth (right tentacle)
Wands
 o - a wand of random effects (18)
Scrolls
 b - 3 scrolls of identify
 g - 2 scrolls of teleportation {unknown}
 k - 2 scrolls of fear {unknown}
 m - a scroll of blinking {unknown}
 n - 2 scrolls of immolation {unknown}
 r - 2 scrolls of enchant armour {unknown}
Potions
 e - a potion of invisibility
 h - a potion of magic {unknown}
 i - a potion of curing
 l - a potion of lignification
 q - a potion of berserk rage {unknown}
 s - a potion of agility {unknown}
 t - a potion of might {unknown}
 u - a potion of degeneration {unknown}
Comestibles
 c - 10 rations


   Skills:
 + Level 2.2 Fighting
 + Level 3.2 Dodging
 + Level 3.3 Stealth
 + Level 3.7 Spellcasting
 * Level 2.6 Conjurations
 - Level 2.6 Summonings
   Level 1.0 Translocations
 * Level 1.8 Air Magic
 * Level 2.4 Poison Magic


You had 6 spell levels left.
You knew the following spells:

 Your Spells              Type           Power        Failure   Level  Hunger
a - Magic Dart            Conj           ###.         3%          1    None
b - Mephitic Cloud        Conj/Pois/Air  ##......     14%         3    ###....
d - Call Imp              Summ           ###.....     6%          2    #......

Your spell library contained the following spells:

 Spells                   Type           Power        Failure   Level  Hunger
 Blink                    Tloc           N/A          12%         2    #......
 Slow                     Hex            #.......     17%         2    #......
 Conjure Flame            Conj/Fire      ##......     21%         3    ###....


Dungeon Overview and Level Annotations

Branches:
Dungeon (4/15)
 Temple: D:4-7

Altars:
Okawaru
Qazlal

Annotations:
D:3 2 transporters, exclusion: 2 downstairs, trogue's ghost, amateur SpAs
D:4 Grinder; Natasha; Pikel


Innate Abilities, Weirdness & Mutations

You cannot wear most types of armour.
You are very stealthy in the water. (Stealth+)
You are amphibious.
You can wear up to eight rings at the same time.
You can use your tentacles to constrict eight enemies at once.
Your skin changes colour to match your surroundings (Stealth+).
Your rubbery body absorbs attacks. (AC +1, EV +1)


Message History

Natasha closely misses you.
Your shadow imp barely misses the slave.
You hit Natasha but do no damage. Your grab misses Natasha.
Your crimson imp misses Natasha.
The slave hits you. Natasha completely misses you.
Your shadow imp hits the slave but does no damage.
You barely miss Natasha. Your grab misses Natasha.
Something hits your crimson imp.
Your crimson imp blinks!
The slave hits you. Natasha closely misses you.
Your shadow imp hits the slave.
You hit Natasha but do no damage. You grab Natasha.
You constrict Natasha, but do no damage.
The slave hits you. Natasha claws you.
Your shadow imp barely misses the slave.
You hit Natasha.
Natasha is lightly wounded.
You constrict Natasha. The slave hits you!
* * * LOW HITPOINT WARNING * * *
Natasha claws you.
You die...

#...p##.h.#### ###
##...##...##8###8###
#....##............#
#....#8....p...†...#
#....##........p...#
##...###8###8###8#p#
...#####..#############.#
#............Sp5h.####.#
######..#.#####@#......#
##.##... #####'##### #..#
##...##.....# #.##
..#.#.8.8.# #.#
##.#.._..#
#p.....##..#.8.8.#
p.†#####...#.....# ##.##
#[#.###'### #l# #.#.....#


You could see a slave, Natasha, a ball python and a friendly shadow imp.

Vanquished Creatures
  A phantom (D:4)
  An ogre (D:4)
  An orc priest (D:4)
  3 gnolls (D:2)
  3 adders
  4 dart slugs
  2 worms (D:2)
  3 leopard geckos
  4 orcs
  A ball python (D:4)
  3 giant cockroaches
  5 goblins
  4 hobgoblins
  2 jackals (D:3)
  6 kobolds
  4 bats
  5 frilled lizards
  12 rats
64 creatures vanquished.

Vanquished Creatures (collateral kills)
  A slave (D:4)
  A scorpion (D:4)
  A gnoll shaman (D:2)
  Natasha (D:4)
  3 gnolls (D:2)
  5 adders
  2 oozes
  2 worms
  A leopard gecko (D:4)
  3 orcs
  2 giant cockroaches (D:2)
  2 goblins
  2 hobgoblins
  A jackal (D:3)
  3 bats
30 creatures vanquished.

Grand Total: 94 creatures vanquished

Notes
Turn   | Place    | Note
-------+----------+-------------------------------------------
     0 | D:1      | Knicklaso the Octopode Wizard began the quest for the Orb.
     0 | D:1      | Reached XP level 1. HP: 11/11 MP: 4/4
   122 | D:1      | Reached XP level 2. HP: 7/18 MP: 0/6
   298 | D:1      | Learned a level 2 spell: Call Imp
  1185 | D:1      | Reached XP level 3. HP: 22/22 MP: 3/7
  1281 | D:1      | Reached skill level 1 in Fighting
  1968 | D:2      | Reached XP level 4. HP: 17/28 MP: 5/9
  2730 | D:2      | Reached XP level 5. HP: 20/34 MP: 7/10
  3044 | D:3      | Learned a level 3 spell: Mephitic Cloud
  3481 | D:3      | Found a transporter.
  3526 | D:3      | Noticed an ogre
  3526 | D:3      | Noticed trogue's ghost (amateur SpAs)
  3528 | D:3      | Noticed an ogre
  3536 | D:3      | Found a transporter.
  3605 | D:3      | Found a stormy altar of Qazlal.
  3640 | D:3      | Reached skill level 1 in Poison Magic
  4398 | D:4      | Noticed Grinder
  4442 | D:4      | Noticed Pikel
  4442 | D:4      | Noticed a slave
  4442 | D:4      | Noticed a slave
  4442 | D:4      | Noticed a slave
  4442 | D:4      | Noticed a slave
  4490 | D:4      | Noticed a phantom
  4527 | D:4      | HP: 1/34 [orc priest/short sword (5)]
  4531 | D:4      | Reached skill level 1 in Air Magic
  4567 | D:4      | Killed a phantom
  4567 | D:4      | Reached XP level 6. HP: 9/39 MP: 1/11
  5108 | D:4      | Found an iron altar of Okawaru.
  5132 | D:4      | Noticed Natasha
  5138 | D:4      | Killed Natasha
  5248 | D:4      | Noticed Natasha
  5299 | D:4      | Killed a slave
  5306 | D:4      | Slain by Natasha

Skill      XL: |  1  2  3  4  5  6 |
---------------+-------------------+-----
Fighting       | 1 2 |  2.2
Summonings     | 2 |  2.6
Dodging        | 3 |  3.2
Poison Magic   | 1 2 |  2.4
Conjurations   | 2 |  2.6
Air Magic      | 1 |  1.8
Stealth        | 3 |  3.3
Spellcasting   | |  3.7
Translocations | |  1.0

Action                   |  1- 3 |  4- 6 || total
-------------------------+-------+-------++-------
Melee: Unarmed           |    34 |   106 ||   140
       Tentacles         |     9 |    12 ||    21
       Constrict         |    10 |    31 ||    41
       Spear             |       |    37 ||    37
 Cast: Magic Dart        |    34 |    54 ||    88
       Call Imp          |    15 |    39 ||    54
       Mephitic Cloud    |       |     5 ||     5
  Use: Potion            |       |     4 ||     4
       Scroll            |       |     1 ||     1
 Stab: Sleeping          |       |     3 ||     3
       Distracted        |       |     1 ||     1
       Invisible         |       |     1 ||     1
       Confused          |       |     1 ||     1
  Eat: Chunk             |     4 |    11 ||    15
Armor: Skin              |     2 |    19 ||    21
Dodge: Dodged            |    19 |    82 ||   101
